 Dungeon Crawl Stone Soup version 0.19.1 (webtiles) character file.

238 Idleism the Changer (level 5, -9/22 HPs)
             Began as a Felid Transmuter on Dec 5, 2016.
             Was a Follower of Uskayaw.
             Mangled by a gnoll
             ... wielding a +2 spear of venom
              (10 damage)
             ... on level 4 of the Dungeon.
             The game lasted 00:33:33 (6788 turns).

Idleism the Changer (Felid Transmuter)              Turns: 6788, Time: 00:33:34

Health: -9/22      AC:  2    Str:  6    XL:     5   Next: 78%
Magic:  6/12       EV: 18    Int: 17    God:    Uskayaw [*.....]
Gold:   386        SH:  0    Dex: 16    Spells: 4 memorised, 5 levels left
                                        Lives:  0   Deaths: 2

rFire  . . .     SeeInvis +       - Unarmed
rCold  . . .     Gourm    .     (armour unavailable)
rNeg   . . .     Faith    .     (shield unavailable)
rPois  .         Spirit   .     (helmet unavailable)
rElec  .         Reflect  .     (cloak unavailable)
rCorr  .         Harm     .     (gloves unavailable)
MR     +....                    (boots unavailable)
Stlth  +++.......               C - amulet of regeneration
                                v - ring of protection from magic
                                (no ring)

@: lethally poisoned (-9 -> -16), quick
A: no armour, no weapons or thrown items, stealth, claws 1, fangs 3, see
invisible, carnivore 3, speed 1, shaggy fur 2, slow metabolism 1, sharp paws
a: Stomp, Renounce Religion


You were on level 4 of the Dungeon.
You worshipped Uskayaw.
Uskayaw was noncommittal.
You were not hungry.

You visited 1 branch of the dungeon, and saw 6 of its levels.

You collected 386 gold pieces.

Inventory:

Missiles
 a - 49 arrows
Jewellery
 p - an uncursed amulet of guardian spirit
 t - an uncursed ring of ice
 v - a ring of protection from magic (right paw)
 C - an amulet of regeneration (around neck)
Wands
 y - a wand of confusion (20/48)
Scrolls
 g - 2 scrolls of remove curse
 h - 2 scrolls of amnesia {unknown}
 m - 3 scrolls of identify
 n - a scroll of immolation {unknown}
 o - a scroll of blinking
 r - a scroll of enchant armour {unknown}
 w - a scroll of fog {unknown}
 x - 2 scrolls of fear {unknown}
 B - a scroll of recharging {unknown}
Potions
 e - a potion of cure mutation {unknown}
 i - 3 potions of curing
 l - 3 potions of brilliance
 q - a potion of flight {unknown}
 s - a potion of lignification
 u - a potion of resistance {unknown}
 z - a potion of haste {unknown}
 A - a potion of beneficial mutation {unknown}
Books
 b - a book of Changes

   Spells                             Type                      Level
   a - Beastly Appendage              Transmutation                1
   b - Sticks to Snakes               Transmutation                2
   c - Spider Form                    Transmutation/Poison         3
   d - Ice Form                       Ice/Transmutation            4
   e - Blade Hands                    Transmutation                5
 d - a book of Conjurations

   Spells                             Type                      Level
   a - Magic Dart                     Conjuration                  1
   b - Searing Ray                    Conjuration                  2
   c - Dazzling Spray                 Conjuration/Hexes            3
   d - Fulminant Prism                Conjuration/Hexes            4
   e - Iskenderun's Mystic Blast      Conjuration                  4
   f - Iskenderun's Battlesphere      Conjuration/Charms           5
Comestibles
 c - 2 meat rations
 f - a royal jelly
 j - a slice of pizza


   Skills:
 - Level 2.0 Fighting
 - Level 3.3 Dodging
 - Level 2.2 Stealth
 - Level 5.2 Unarmed Combat
 - Level 4.1 Spellcasting
 + Level 5.6 Transmutations
 - Level 2.0 Poison Magic


You had 5 spell levels left.
You knew the following spells:

 Your Spells              Type           Power        Failure   Level  Hunger
a - Beastly Appendage     Tmut           ###...       1%          1    None
b - Sticks to Snakes      Tmut           ###.....     2%          2    ##.....
c - Spider Form           Tmut/Pois      ###.......   12%         3    ###....
d - Magic Dart            Conj           #...         17%         1    None


Dungeon Overview and Level Annotations

Branches:
Dungeon (6/15)
 Temple: D:4-7

Altars:
Elyvilon
Hepliaklqana
Kikubaaqudgha
Makhleb
Qazlal
Ru
Sif Muna
Trog
Uskayaw
Zin

Annotations:
D:3 StormySan's ghost, amateur HuFi
D:4 Philosophy's ghost, amateur FoFi


Innate Abilities, Weirdness & Mutations

You cannot wear armour.
You are incapable of wielding weapons or throwing items.
Your paws allow you to move quietly. (Stealth)
You have sharp claws.
You have razor-sharp teeth.
You have supernaturally acute eyesight. (SInv)
You are carnivorous and can eat meat at any time.
You cover ground quickly.
You are covered in thick fur. (AC +2)
You have a slow metabolism.
Your sharp claws are effective at attacking unaware monsters.


Message History

Aiming: Line Pass
Press: ? - help, Dir - move target cursor The gnoll appears confused. x2; You feel somewhat more hungry.
You can no longer pass through a line of other dancers.
Your transformation has ended.
* * * LOW HITPOINT WARNING * * *
You feel sick.
You catch the helpless gnoll completely off-guard!
You claw the gnoll!
The gnoll is almost dead.
* * * LOW HITPOINT WARNING * * *
You feel sick.
You scratch the gnoll.
You kill the gnoll!
* * * LOW HITPOINT WARNING * * *
You feel sick.
The gnoll seems less confused.
* * * LOW HITPOINT WARNING * * *
You feel sick.
The gnoll hits you from afar with a spear of venom!
You die...

#........'............#
#........##.......#.#.#
####......#####..........#
##.........#####......#.#..
##..#.#.#...##.............#
#...........##...........###
#...#.#.#...##..........##
#.#$.......)##..........#
#.#.#.#.#..@.g.....)....#
#.#.......#.#########...#
#...........# #...<..#
############# #.#....#
######......# #.......#...#
#.......#.#.# #.......'.#.#
#.......###.##


You could see a gnoll.

Vanquished Creatures
  A black bear (D:5)
  An ogre (D:5)
  A howler monkey (D:5)
  A crimson imp (D:5)
  A bullfrog zombie (D:5)
  2 orc priests
  A gnoll shaman (D:5)
  An iguana (D:4)
  3 orc wizards
  A worker ant (D:4)
  A worker ant zombie (D:5)
  6 gnolls
  5 adders
  3 oozes
  An adder skeleton (D:6)
  A worm (D:2)
  3 dart slugs
  4 leopard geckos
  15 orcs
  6 bats
  A giant cockroach (D:1)
  4 goblins
  5 hobgoblins
  5 jackals
  8 kobolds
  3 quokkas
  A ball python (D:3)
  2 frilled lizards
  A leopard gecko zombie (D:5)
  A quokka skeleton (D:5)
  6 rats
95 creatures vanquished.

Vanquished Creatures (collateral kills)
  An ogre (D:5)
  An orc wizard (D:3)
  A gnoll (D:4)
  A dart slug (D:1)
  A leopard gecko (D:3)
  An orc (D:5)
6 creatures vanquished.

Grand Total: 101 creatures vanquished

Notes
Turn   | Place    | Note
-------+----------+-------------------------------------------
     0 | D:1      | Idleism the Felid Transmuter began the quest for the Orb.
     0 | D:1      | Reached XP level 1. HP: 9/9 MP: 4/4
    93 | D:1      | Reached XP level 2. HP: 9/12 MP: 4/6
   890 | D:1      | Learned a level 2 spell: Sticks to Snakes
   916 | D:1      | Reached XP level 3. HP: 15/15 MP: 5/7
  1312 | D:2      | Learned a level 3 spell: Spider Form
  1371 | D:2      | Found a deep blue altar of Sif Muna.
  1385 | D:2      | Found a sacrificial altar of Ru.
  1773 | D:2      | Found a hazy altar of Hepliaklqana.
  2097 | D:3      | Noticed a centaur
  2196 | D:3      | Reached XP level 4. HP: 14/19 MP: 6/8
  2283 | D:3      | Noticed StormySan's ghost (amateur HuFi)
  2430 | D:4      | Found a bloodstained altar of Trog.
  2668 | D:4      | Noticed Philosophy's ghost (amateur FoFi)
  2799 | D:5      | Entered Level 5 of the Dungeon
  3692 | D:3      | Found a burning altar of Makhleb.
  3692 | D:3      | Found a faded altar of an unknown god.
  3736 | D:3      | Found a glowing silver altar of Zin.
  3738 | D:3      | Found a faded altar of an unknown god.
  3739 | D:3      | Found a stormy altar of Qazlal.
  3778 | D:3      | Became a worshipper of Trog the Wrathful
  3778 | D:3      | Reached * piety under Trog
  3924 | D:3      | Fell from the grace of Trog
  4133 | D:4      | Reached XP level 5. HP: 14/22 MP: 3/9
  4183 | D:5      | Found a hide-covered altar of Uskayaw.
  4555 | D:4      | Reached skill level 1 in Poison Magic
  4925 | D:5      | Noticed a black bear
  5037 | D:4      | Learned a level 1 spell: Magic Dart
  5542 | D:5      | Found a white marble altar of Elyvilon.
  5543 | D:5      | Found an ancient bone altar of Kikubaaqudgha.
  5561 | D:5      | Noticed an ogre
  5592 | D:5      | Gained mutation: You are covered in thick fur. (AC +2) [Felid growth]
  5592 | D:5      | Reached XP level 6. HP: 16/26 MP: 5/10
  6015 | D:5      | Reached XP level 7. HP: 14/30 MP: 6/14
  6112 | D:5      | Reached skill level 5 in Unarmed Combat
  6353 | D:5      | Became a worshipper of Uskayaw the Reveler
  6366 | D:5      | Reached * piety under Uskayaw
  6577 | D:5      | Reached ** piety under Uskayaw
  6583 | D:5      | Reached skill level 5 in Transmutations
  6583 | D:5      | Reached *** piety under Uskayaw
  6631 | D:4      | Killed from afar by an orc priest
  6632 | D:4      | Reached XP level 6. HP: -9/26 MP: 12/13
  6660 | D:4      | Slain by a bullfrog skeleton
  6661 | D:4      | Reached XP level 5. HP: 0/22 MP: 10/12
  6787 | D:4      | HP: 1/22 [poisoned by a gnoll]
  6788 | D:4      | Mangled by a gnoll

Skill      XL: |  1  2  3  4  5  6  7 |
---------------+----------------------+-----
Unarmed Combat | 4 5 |  5.2
Fighting       | 2 |  2.0
Transmutations | 3 4 5 |  5.6
Dodging        | 3 |  3.3
Stealth        | 2 |  2.2
Poison Magic   | 2 |  2.0
Spellcasting   | 4 |  4.1

Action                   |  1- 3 |  4- 6 |  7- 9 || total
-------------------------+-------+-------+-------++-------
Melee: Unarmed           |   101 |   205 |    70 ||   376
       Bite              |    12 |    15 |     5 ||    32
       Headbutt          |    10 |    28 |     7 ||    45
       Punch             |     5 |     2 |       ||     7
 Cast: Beastly Appendage |    24 |    28 |     6 ||    58
       Sticks to Snakes  |     1 |    24 |     1 ||    26
       Spider Form       |       |     4 |     4 ||     8
Invok: Renounce Religion |       |     1 |       ||     1
       Line Pass         |       |     1 |       ||     1
  Use: Scroll            |       |     9 |       ||     9
       Potion            |       |     5 |       ||     5
 Stab: Sleeping          |     3 |     1 |       ||     4
       Distracted        |       |     2 |     1 ||     3
       Confused          |       |     1 |       ||     1
  Eat: Chunk             |    10 |    11 |     2 ||    23
Armor: Skin              |     3 |     3 |     1 ||     7
Dodge: Dodged            |    74 |   162 |    49 ||   285
